Map: Tours du crépuscule

Players

Jofa - Winner!

  • Race: Terran Terran
  • League: Bronze

pupu

  • Race: Protoss Protoss
  • League: Silver

VOD

Have the link to the VOD?

Description

Time

  • Played on: April 3, 2016, 5:22 a.m.
  • Length: 12:40
Show
View Real Time Build Order
Export as new Build Order

Jofa Terran - Winner!

Build Orders: Reaper Expand 

Get SALT Encoding   

  12  0:01  SCV  
  13  0:13  SCV  
  14  0:21  Supply Depot  
  14  0:25  SCV  
  15  0:40  Refinery  
  15  0:46  Barracks  
  15  0:47  SCV  
  16  0:59  SCV  
  17  1:11  SCV  
  18  1:23  SCV  
  19  1:34  Reaper  
  19  1:37  Command Center  
  20  1:44  Orbital Command  
  20  1:52  Refinery  
  21  2:12  Barracks Tech Lab  
  20  2:16  Supply Depot  
  20  2:18  SCV  
  21  2:30  SCV  
  21  2:31  Marine  
  23  2:42  SCV  
  24  2:48  Marine  
  25  2:54  SCV  
  25  2:55  SCV  
  27  3:06  Marine, SCV  
  29  3:19  Orbital Command  
  29  3:24  Marine  
  29  3:27  Stimpack  
  30  3:28  SCV  
  31  3:34  Factory  
  31  3:42  Marine  
  31  3:46  SCV  
  31  3:47  SCV  
  34  3:49  Barracks  
  34  3:50  Barracks  
  34  3:57  Engineering Bay  
  34  3:59  SCV  
  34  4:00  Marine  
  34  4:02  Engineering Bay  
  36  4:06  SCV  
  36  4:09  Refinery  
  37  4:11  Refinery, SCV  
  38  4:18  SCV  
  38  4:23  Starport, SCV  
  40  4:30  SCV  
  41  4:34  Supply Depot  
  41  4:35  Supply Depot, SCV  
  41  4:36  Terran Infantry Weapons Level 1  
  41  4:38  Terran Infantry Armor Level 1  
  42  4:42  SCV  
  43  4:46  Barracks Tech Lab, Barracks Reactor  
  43  4:47  SCV  
  43  4:51  Marine  
  45  4:55  Factory Tech Lab  
  45  4:59  SCV  
  46  5:07  Starport Reactor  
  46  5:09  Marauder  
  46  5:13  Marine  
  49  5:15  SCV  
  50  5:25  Command Center  
  50  5:27  SCV  
  51  5:28  Marine  
  51  5:29  Supply Depot  
  51  5:30  Marine  
  51  5:31  Marauder  
  51  5:35  Armory  
  55  5:44  Marine  
  55  5:46  Marine  
  55  5:48  Medivac  
  55  5:49  Marauder  
  61  5:50  Medivac  
  61  5:53  Marauder  
  64  6:03  Siege Tank  
  67  6:10  Supply Depot, Marine  
  67  6:11  Marauder  
  70  6:12  Supply Depot  
  70  6:18  Supply Depot  
  70  6:32  Marauder, Marine x2, SCV x2, Medivac  
  78  6:34  Marine, Medivac  
  78  6:35  Siege Tank  
  84  6:40  Supply Depot  
  84  6:47  SCV  
  84  6:48  SCV  
  84  6:49  Marine x2  
  84  6:52  Marauder  
  84  6:54  Marauder  
  92  6:57  Missile Turret  
  92  6:59  SCV  
  92  7:01  Missile Turret  
  93  7:07  Marine  
  90  7:12  Missile Turret  
  83  7:18  Marine x2  
  83  7:19  Marauder  
  83  7:28  Marine  
  83  7:36  Marine  
  76  7:37  Marauder  
  76  7:40  Marine  
  68  7:46  Marine  
  68  7:47  Orbital Command  
  69  7:54  Marine  
  69  7:58  Marauder x2  
  74  8:03  Missile Turret  
  74  8:11  Marine  
  74  8:12  Marine  
  76  8:19  Marauder x2  
  80  8:20  Terran Infantry Weapons Level 2  
  80  8:21  Supply Depot  
  80  8:22  SCV  
  81  8:28  Marine, Missile Turret  
  82  8:36  Marine  
  82  8:38  SCV  
  82  8:40  Marine  
  82  8:41  Refinery, Marauder  
  87  8:42  Refinery  
  87  8:43  SCV x2  
  87  8:45  Barracks  
  89  8:50  SCV  
  89  8:51  Marine  
  89  8:55  Marine, SCV x2  
  84  8:59  Marauder  
  84  9:00  Medivac  
  84  9:02  Marine  
  89  9:03  Medivac  
  89  9:09  Marine  
  92  9:12  Marine  
  83  9:19  Marine  
  83  9:20  Marauder  
  86  9:27  Marine, SCV  
  86  9:28  SCV x2  
  86  9:30  Marine, Medivac  
  93  9:32  Supply Depot  
  93  9:36  Terran Infantry Armor Level 2  
  93  9:37  Marine  
  94  9:39  SCV  
  94  9:40  SCV  
  94  9:41  Marauder  
  94  9:45  Marine, Missile Turret  
  99  9:48  Marine  
  100  9:53  Medivac  
  100  9:55  SCV x2  
  100  9:56  Marauder  
  106  10:02  Marine  
  106  10:07  SCV, Command Center  
  107  10:12  SCV  
  109  10:17  Marauder, Marine, Missile Turret  
  109  10:18  Missile Turret  
  112  10:28  Barracks  
  88  10:52  Marine  
  88  10:53  Marauder  
  88  11:09  Marauder, Marine  
  88  11:10  Marine  
  91  11:14  Marauder  
  92  11:24  Medivac  
  92  11:27  Marine  
  92  11:28  Marine  
  92  11:31  Marauder  
  96  11:35  Marine  
  90  11:44  Marine  
  90  11:45  SCV  
  90  11:46  Marine  
  88  11:52  Marauder  
  88  11:54  Marauder  
  92  12:02  Marine  
  92  12:03  Marine  
  93  12:13  Marine  
  93  12:14  Marine  
  94  12:20  Marine  
  94  12:21  Marine  
Show
View Real Time Build Order
Export as new Build Order

pupu Protoss 

Build Orders: Nexus First 

Get SALT Encoding   

  12  0:01  Probe (Chrono Boost)  
  13  0:12  Probe (Chrono Boost)  
  14  0:20  Pylon  
  14  0:22  Probe (Chrono Boost)  
  15  0:38  Probe (Chrono Boost)  
  16  0:49  Probe (Chrono Boost)  
  17  1:01  Nexus  
  17  1:11  Gateway  
  17  1:13  Probe (Chrono Boost)  
  18  1:20  Assimilator  
  18  1:24  Probe (Chrono Boost)  
  19  1:28  Assimilator  
  19  1:35  Probe (Chrono Boost)  
  20  1:45  Probe (Chrono Boost)  
  21  1:54  Pylon  
  21  1:56  Probe (Chrono Boost)  
  21  2:00  Cybernetics Core  
  22  2:06  Probe (Chrono Boost)  
  23  2:14  Probe (Chrono Boost)  
  24  2:17  Probe (Chrono Boost)  
  25  2:22  Gateway  
  25  2:24  Probe (Chrono Boost)  
  25  2:29  Gateway  
  26  2:31  Probe (Chrono Boost)  
  27  2:37  Probe (Chrono Boost)  
  27  2:41  Probe (Chrono Boost)  
  29  2:48  Stalker (Chrono Boost)  
  31  2:55  Probe  
  31  2:56  Probe  
  32  3:06  Probe  
  32  3:07  Probe  
  32  3:11  Warp Gate (Chrono Boost)  
  32  3:21  Probe  
  32  3:22  Probe  
  33  3:29  Stalker  
  33  3:30  Stalker  
  33  3:31  Probe  
  38  3:34  Probe  
  39  3:42  Probe  
  39  3:44  Robotics Facility  
  39  3:46  Probe  
  41  3:49  Stargate  
  41  3:52  Probe  
  41  3:55  Pylon  
  42  3:58  Probe  
  43  4:03  Probe  
  43  4:04  Gateway  
  43  4:09  Forge  
  44  4:11  Probe  
  44  4:13  Probe  
  44  4:15  Assimilator  
  46  4:18  Assimilator  
  46  4:22  Pylon  
  46  4:23  Probe  
  47  4:27  Sentry x2  
  51  4:41  Observer  
  52  4:50  Probe  
  52  4:51  Probe  
  54  4:57  Pylon  
  54  4:59  Protoss Ground Weapons Level 1 (Chrono Boost)  
  54  5:08  Pylon  
  54  5:11  Pylon  
  54  5:13  Gateway  
  54  5:15  Gateway  
  54  5:18  Gateway  
  54  5:20  Probe, Pylon  
  55  5:21  Probe  
  55  5:24  Zealot x3  
  55  5:25  Pylon  
  62  5:28  Pylon  
  62  5:32  Pylon  
  62  5:33  Oracle  
  65  5:37  Warp Prism  
  66  5:49  Stalker x3  
  72  5:59  Probe, Mothership Core  
  72  6:04  Zealot  
  77  6:10  Probe  
  77  6:12  Void Ray  
  77  6:16  Immortal  
  86  6:38  Probe  
  86  6:40  Probe  
  88  6:49  Probe  
  88  6:51  Adept x4  
  88  6:52  Probe  
  98  6:56  Protoss Ground Armor Level 1 (Chrono Boost)  
  98  6:57  Immortal  
  102  7:11  Probe  
  102  7:13  Probe  
  100  7:17  Zealot x3  
  100  7:18  Zealot x4  
  104  8:35  Pylon  
  104  8:42  Nexus  
  104  8:52  Assimilator  
  104  8:54  Immortal  
  108  8:57  Stalker  
  110  9:31  Pylon  
  110  9:33  Pylon  
  110  9:36  Pylon  
  110  9:40  Photon Cannon  
  110  9:44  Photon Cannon  
  110  9:46  Photon Cannon  
  110  9:49  Photon Cannon, Void Ray  
  110  9:51  Zealot x2  
  110  9:52  Photon Cannon  
  118  9:53  Zealot  
  120  10:00  Zealot  
  122  10:27  Zealot x4  
  100  11:01  Zealot x2  
  100  11:02  Zealot x4  
  100  11:03  Zealot  
  104  11:15  Void Ray  
  100  11:23  Stalker  
  100  11:24  Stalker  
  92  11:26  Sentry  
  83  11:46  Probe  
  84  11:58  Probe  
Tags
 
Add a new tag
Caveats
  • Supply blocks, unpowered buildings, or Contaminate may cause inaccurate times.
  • Supply counts are checked every 10 seconds.